 Dungeon Crawl Stone Soup version 0.30.1-11-g7821555f0a (webtiles) character file.

Game seed: 17106773460104795972

22281 lonewolfV2 the Blocker (level 13, -3/104 HPs)
             Began as a Formicid Fighter on Nov 15, 2023.
             Was a High Priest of Qazlal.
             Slain by a titanic slime creature (50 damage)
             ... on level 11 of the Dungeon.
             The game lasted 00:20:21 (12997 turns).

lonewolfV2 the Blocker (Formicid Fighter)          Turns: 12997, Time: 00:20:22

Health: -3/104     AC: 23    Str: 25    XL:     13   Next: 26%
Magic:  19/19      EV:  6    Int:  9    God:    Qazlal [*****.]
Gold:   875        SH:  0    Dex: 16    Spells: 12/12 levels left

rFire   . . .        d - +6 battleaxe (vamp)
rCold   . . .        a - +0 tower shield "Feapy" {rPois Will+++ Dex+3 Slay+2}
rNeg    + . .        g - +0 plate armour
rPois   +            (helmet unavailable)
rElec   .            q - +1 cloak
rCorr   .            w - +0 pair of gloves
SInv    +            v - +0 pair of boots
Will    ++++.        (no amulet) Stlth
                     I - ring of positive energy
HPRegen 0.37/turn    m - ring of poison resistance
MPRegen 0.16/turn

%: repel missiles
@: confused, ambrosia-drunk, protected from physical damage
A: permanent stasis, dig shafts and tunnels, antennae 3, four strong arms
a: Dig, Shaft Self, Renounce Religion, Upheaval, Elemental Force, Disaster Area


You were on level 11 of the Dungeon.
You worshipped Qazlal.
Qazlal was extremely pleased with you.
You visited 2 branches of the dungeon, and saw 13 of its levels.
You also visited: Sewer and Bailey.

You collected 875 gold pieces.

Inventory:

Hand Weapons
 b - a +0 great mace of protection
 d - a +6 vampiric battleaxe (weapon)
Missiles
 l - 16 boomerangs
 y - a throwing net
Armour
 a - the +0 tower shield "Feapy" (worn) {rPois Will+++ Dex+3 Slay+2}
   (You acquired it on level 10 of the Dungeon)

   Dex:       It affects your dexterity (+3).
   Slay:      It affects your accuracy & damage with ranged weapons and melee
   (+2).
   rPois:     It protects you from poison.
   Will:      It greatly increases your willpower.
 g - a +0 plate armour (worn)
 q - a +1 cloak (worn)
 v - a +0 pair of boots (worn)
 w - a +0 pair of gloves (worn)
Jewellery
 j - a +6 ring of intelligence
 m - a ring of poison resistance (right hand)
 I - a ring of positive energy (left hand)
Wands
 c - a wand of mindburst (7)
 p - a wand of polymorph (6)
 A - a wand of charming (3)
Scrolls
 i - a scroll of silence
 n - 2 scrolls of amnesia
 o - 6 scrolls of teleportation
 u - 4 scrolls of fog
 E - 3 scrolls of fear
Potions
 f - 3 potions of curing
 h - 3 potions of lignification
 k - 3 potions of flight
 r - a potion of invisibility
 s - 2 potions of berserk rage
 t - 2 potions of magic
 x - a potion of attraction {unknown}
 z - 5 potions of degeneration
 B - a potion of resistance {unknown}
 F - 2 potions of cancellation
 G - a potion of heal wounds {unknown}
Miscellaneous
 K - a box of beasts


   Skills:
 + Level 10.3 Fighting
 - Level 2.8(7.5) Axes
 - Level 11.0(11.1) Maces & Flails
 - Level 11.0 Armour
 - Level 13.4 Shields
 * Level 8.1 Invocations


You had 12 spell levels left.
You didn't know any spells.
Your spell library contained the following spells:

 Spells                   Type           Power      Damage    Failure   Level
 Necrotise                Necr           0%         1d4       100%        1
 Summon Small Mammal      Summ           0%         N/A       100%        1
 Cigotuvi's Dreadful Rot  Necr/Pois/Air  0%         N/A       100%        2
 Ensorcelled Hibernation  Hex/Ice        0%         N/A       100%        2
 Lesser Beckoning         Tloc           0%         N/A       100%        2
 Momentum Strike          Conj/Tloc      0%         3d8       100%        2
 Call Canine Familiar     Summ           0%         N/A       100%        3
 Ignite Poison            Fire/Tmut/Pois 0%         N/A       100%        3
 Spider Form              Tmut/Pois      0%         N/A       100%        3
 Summon Guardian Golem    Hex/Summ       0%         N/A       100%        3
 Vampiric Draining        Necr           0%         2d6       100%        3
 Anguish                  Hex/Necr       0%         N/A       100%        4
 Agony                    Necr           0%         N/A       100%        5
 Arcjolt                  Conj/Air       0%         1d10      100%        5
 Freezing Cloud           Conj/Ice/Air   0%         6-21      100%        5
 Plasma Beam              Fire/Air       0%         2x1d11    100%        6
 Blink                    Tloc           Unusable   N/A       N/A         2
 Vhi's Electric Charge    Tloc/Air       Unusable   N/A       N/A         3

Dungeon Overview and Level Annotations

Branches:
Dungeon (12/15)            Temple (1/1) D:4            Lair (0/5) D:9
    Orc (0/2) D:11          Sewer (visited)          Bailey (visited)

Altars:
Cheibriados
Dithmenos
Elyvilon
Fedhas
Gozag
Hepliaklqana
Kikubaaqudgha
Makhleb
Nemelex Xobeh
Okawaru
Qazlal
Ru
Sif Muna
Trog
Uskayaw
Wu Jian
Xom
Yredelemnul
Zin
The Shining One

Shops:
D:3 =   D:8 *

Annotations:
D:9 3 runed translucent doors, Logoto's ghost, novice HOFi
Temple 2 transporters


Innate Abilities, Weirdness & Mutations

You cannot be hasted, slowed, berserked, paralysed or teleported.
You can dig through walls and to a lower floor.
You have a pair of large antennae on your head. (SInv)
Your four strong arms can wield two-handed weapons with a shield.


Message History

Your Invocations skill increases to level 8!
You slice the slime creature!!
You feel better.
The slime creature is severely wounded.
The slime creature hits you.
You feel more protected from physical attacks.
You block the slime creature's attack.
You slice the slime creature!!
You kill the slime creature!
Qazlal accepts your kill.
You start resting.
Magic restored.
HP restored.
You start waiting.
Your protection from physical attacks is fading.
You climb downwards.
The slime creature hits you but does no damage.
Two slime creatures merge to form a large slime creature.
There is a stone staircase leading up here.
You block the titanic slime creature's attack.
You climb upwards.
You feel less protected from physical attacks.
There is a stone staircase leading down, spattered with blood here.
You barely miss the large slime creature.
You barely miss the titanic slime creature.
The titanic slime creature is engulfed in blazing flames.
You block the titanic slime creature's attack.
The large slime creature is engulfed in blazing flames.
A large slime creature splits.
The titanic slime creature is engulfed in blazing flames.
The titanic slime creature hits you!!!
Ouch! That really hurt!
You feel protected from physical attacks.
You are confused.
You feel invigorated.
The slime creature is engulfed in blazing flames.
The slime creature hits you.
You feel more protected from physical attacks.
The titanic slime creature is engulfed in blazing flames.
The titanic slime creature hits you!!!
You die...

#.......# #.....# #.#
..#..#### #.....# #.# ....##
###.### #.# ##### #.# #.#
#.# #.# ####.##### #.#
###########........# ##.#
............###JJJ.# #..#
#########.......@#######.###
.....####.....☼.####..<....#
####..........○§...#.......#
######..#.....#.##.........#
###
.......##....<#.####.......#
#..
..............#.####.......#
#.>
..#######.....#...##.......#
#..
#.....###......##.##.......#
###
#####..........##.##.......#
##..


You could see a titanic slime creature and 2 slime creatures.

Vanquished Creatures
  Gastronok (D:9)
  An orc warlord (Bailey)
  A boulder beetle (D:11)
  Maurice (D:8)
  3 kobold demonologists (D:11)
  6 trolls
  3 slime creatures (D:11)
  A shadow (D:11)
  A wyvern (D:9)
  A wraith (D:11)
  13 yaks
  Grum (D:8)
  3 vampire mosquitoes (D:10)
  3 wargs (D:11)
  An acid dragon (D:11)
  7 orc warriors
  2 sky beasts (D:7)
  2 ice beasts
  A black bear (D:6)
  An ogre (D:4)
  5 wolves
  2 centaurs
  A phantom (D:5)
  4 bullfrogs
  7 kobold brigands
  2 gnoll sergeants (D:9)
  2 scorpions
  12 wights
  6 killer bees (D:10)
  5 jellies
  3 electric eels (D:9)
  7 howler monkeys
  5 orc priests
  12 hounds
  A sleepcap (D:4)
  An iguana (D:6)
  12 orc wizards
  A hell rat (Sewer)
  9 adders
  14 gnolls
  A river rat (D:4)
  4 shadow imps
  A white imp (D:6)
  4 worms
  3 dart slugs
  41 orcs
  6 endoplasms
  7 giant cockroaches
  13 goblins
  11 hobgoblins
  3 jackals (D:3)
  6 quokkas
  6 ball pythons
  6 bats
  5 frilled lizards
  A goblin skeleton (D:6)
  3 hobgoblin zombies (D:6)
  33 kobolds
  2 kobold skeletons (D:6)
  A kobold zombie (D:6)
  2 orc zombies (D:6)
  8 rats
331 creatures vanquished.

Vanquished Creatures (others)
  Psyche (D:10)
  An orc (D:9)
  A quokka (D:10)
3 creatures vanquished.

Grand Total: 334 creatures vanquished

Notes
Turn   | Place    | Note
-------+----------+-------------------------------------------
     0 | D:1      | lonewolfV2 the Formicid Fighter began the quest for the
                  | Orb.
     0 | D:1      | Reached XP level 1. HP: 18/18 MP: 1/1
   272 | D:1      | Reached XP level 2. HP: 24/24 MP: 2/2
   906 | D:2      | Reached XP level 3. HP: 30/30 MP: 3/3
  1105 | D:2      | Found a blossoming altar of Fedhas.
  1361 | D:2      | Reached XP level 4. HP: 35/37 MP: 4/4
  1972 | D:3      | Reached XP level 5. HP: 42/43 MP: 5/5
  2231 | D:3      | Reached skill level 5 in Fighting
  2239 | D:3      | Reached skill level 5 in Armour
  2328 | D:3      | Found Qyoqy's Jewellery Boutique.
  2913 | D:4      | Found a staircase to the Ecumenical Temple.
  2923 | Temple   | Entered the Ecumenical Temple
  2923 | Temple   | Found a transporter.
  2923 | Temple   | Found a transporter.
  2925 | Temple   | Found a transporter.
  2925 | Temple   | Found a transporter.
  2946 | Temple   | Became a worshipper of Qazlal Stormbringer
  3043 | D:4      | Reached XP level 6. HP: 34/51 MP: 6/6
  3058 | D:4      | Found a glowing drain.
  3062 | Sewer    | Entered a sewer
  3577 | D:4      | Found an iron altar of Okawaru.
  3633 | D:4      | Found a snail-covered altar of Cheibriados.
  3633 | D:4      | Found a sacrificial altar of Ru.
  3669 | D:4      | Reached * piety under Qazlal
  3892 | D:4      | Reached XP level 7. HP: 52/58 MP: 7/7
  4640 | D:5      | Entered Level 5 of the Dungeon
  4845 | D:5      | Reached XP level 8. HP: 61/67 MP: 8/8
  5259 | D:6      | Found an ancient bone altar of Kikubaaqudgha.
  5324 | D:6      | Reached ** piety under Qazlal
  5366 | D:6      | Reached skill level 1 in Maces & Flails
  5379 | D:6      | Found a glowing golden altar of the Shining One.
  5409 | D:6      | Reached skill level 5 in Shields
  5879 | D:6      | Found a glowing silver altar of Zin.
  6254 | D:7      | Reached skill level 6 in Shields
  6298 | D:7      | Reached XP level 9. HP: 61/72 MP: 9/9
  6368 | D:7      | Found a shimmering altar of Xom.
  6435 | D:7      | Reached skill level 5 in Maces & Flails
  6608 | D:7      | Found a shadowy altar of Dithmenos.
  6634 | D:7      | Found a shimmering blue altar of Sif Muna.
  6692 | D:7      | Reached skill level 7 in Shields
  7153 | D:8      | Reached *** piety under Qazlal
  7285 | D:8      | Reached skill level 8 in Shields
  7646 | D:8      | Noticed Maurice
  7680 | D:8      | Killed Maurice
  7927 | D:8      | Noticed Grum
  7930 | D:8      | Reached XP level 10. HP: 72/79 MP: 10/10
  7950 | D:8      | Killed Grum
  7954 | D:8      | Reached skill level 9 in Shields
  8329 | D:8      | Found Feolidia's Assorted Antiques.
  8749 | D:9      | Noticed Gastronok
  8761 | D:9      | Killed Gastronok
  8762 | D:9      | Reached skill level 10 in Maces & Flails
  8762 | D:9      | Reached skill level 10 in Shields
  9143 | D:9      | Reached **** piety under Qazlal
  9155 | D:8      | Reached XP level 11. HP: 47/84 MP: 11/11
  9276 | D:9      | Reached skill level 11 in Shields
  9694 | D:9      | HP: 2/84 [electric eel/bolt of electricity (10)]
 10178 | D:9      | Found a staircase to the Lair.
 10303 | D:9      | Found a runed translucent gate.
 10303 | D:9      | Found a runed translucent gate.
 10303 | D:9      | Found a runed translucent gate.
 10305 | D:9      | Noticed Logoto's ghost (novice HOFi)
 10577 | D:9      | Found a bloodstained altar of Trog.
 10936 | D:9      | Identified the +2 morningstar "Impbane" {antimagic, rC+}
 10988 | D:10     | Entered Level 10 of the Dungeon
 11054 | D:10     | Found a flagged portal.
 11084 | D:10     | Reached skill level 1 in Invocations
 11084 | D:10     | Noticed Psyche
 11099 | D:10     | Reached ***** piety under Qazlal
 11124 | D:10     | Killed Psyche
 11237 | Bailey   | Entered a bailey
 11242 | Bailey   | Noticed an orc warlord
 11340 | Bailey   | Found a runed translucent gate.
 11340 | Bailey   | Found a runed translucent gate.
 11340 | Bailey   | Found a runed translucent gate.
 11531 | Bailey   | Killed an orc warlord
 11532 | Bailey   | Reached skill level 5 in Invocations
 11672 | Bailey   | Reached skill level 13 in Shields
 11672 | Bailey   | Reached XP level 12. HP: 96/96 MP: 15/15
 11712 | D:10     | Found a white marble altar of Elyvilon.
 12174 | D:10     | Identified a scroll of acquirement
 12174 | D:10     | Acquired the +0 tower shield "Feapy" {rPois Will+++ Dex+3
                  | Slay+2}
 12195 | D:11     | Reached XP level 13. HP: 101/101 MP: 17/17
 12650 | D:11     | Reached skill level 10 in Fighting
 12807 | D:11     | Found a staircase to the Orcish Mines.
 12997 | D:11     | Slain by a titanic slime creature

Illustrated notes

Levels and vault maps discovered:
D:1:      matt_arrival_spirals, layout_loops_corners
D:2:      layout_loops_ring, basic_altar, minivault_14
D:3:      minmay_evil_eye, layout_basic, serial_shops, nicolae_shop_trees,
          minmay_misc_feat_rows, minmay_randomly_rotated_circles
D:4:      layout_gridville, mainiacjoe_overflow_alcove_1, jmf_multi_god_temple,
          temple_green, gup_sewer_entry_bowl, minmay_gold_behind_fungi
D:5:      layout_rooms
D:6:      layout_loops_ring, nicolae_tso_besieged_by_evil, old_standard_altar,
          mainiacjoe_overflow_tiny_flanked
D:7:      layout_loops_cross, nicolae_sif_muna_little_library,
          mainiacjoe_overflow_surrounded_room, amcnicky_altar_gilded
D:8:      layout_loops_ring, serial_shops, nicolae_shop_tiny_real_fake_doors,
          uniq_grum, uniq_maurice
D:9:      layout_cave_pools, mainiacjoe_overflow_chevrons, erik_lair_island,
          gammafunk_ghost_split, uniq_gastronok
D:10:     layout_loops_ring, elyvilon_altar_4, enter_bailey_5, uniq_psyche
D:11:     layout_rooms, minmay_orc_entry_guard_dogs
D:12:     minmay_separated_statues, layout_basic
Temple:   hellmonk_temple_divided_pantheon

Skill      XL: |  1  2  3  4  5  6  7  8  9 10 11 12 13 |
---------------+----------------------------------------+-----
Fighting       | 4 5 6 7 9 10 | 10.3
Armour         | 4 5 6 7 11 | 11.0
Maces & Flails | 4 7 10 11 | 11.0
Shields        | 6 8 10 13 | 13.4
Invocations    | 5 8 |  8.1
Axes           | |  2.8

Action                     |  1- 3 |  4- 6 |  7- 9 | 10-12 | 13-15 || total
---------------------------+-------+-------+-------+-------+-------++-------
  Melee: War axe           |    83 |   165 |    83 |       |       ||   331
         Great mace        |       |       |   256 |   333 |       ||   589
         Battleaxe         |       |       |       |    11 |    80 ||    91
  Evoke: Wand              |       |       |       |    11 |       ||    11
    Use: Scroll            |     2 |    10 |     7 |     6 |     1 ||    26
         Potion            |       |     3 |       |     5 |     1 ||     9
 Armour: Scale mail        |    34 |     5 |       |       |       ||    39
         Plate armour      |       |   111 |   255 |   242 |    34 ||   642
         Skin              |       |       |       |    25 |       ||    25
  Dodge: Dodged            |    45 |    73 |   101 |   155 |    13 ||   387
         Repelled          |       |       |       |     1 |       ||     1
  Block: Buckler           |    32 |    55 |   153 |   338 |       ||   578
         Tower shield      |       |       |       |     2 |   126 ||   128
